 Dungeon Crawl Stone Soup version 0.17-a0-1945-gfe993df (webtiles) character file.

5 achirane the Grave Robber (level 1, 0/9 HPs)
             Began as a Vine Stalker Necromancer on Sept 30, 2015.
             Slain by an adder (2 damage)
             ... on level 2 of the Dungeon.
             The game lasted 00:03:17 (439 turns).

achirane the Grave Robber (Vine Stalker Necromancer) Turns: 439, Time: 00:03:18

Health: 0/9        AC:  2    Str: 10    XL:     1   Next: 80%
Magic:  0/4        EV: 12    Int: 15    God:
Gold:   10         SH:  0    Dex: 14    Spells: 1 memorised, 3 levels left

rFire  . . .     SeeInvis .       - Unarmed
rCold  . . .     Clarity  .     n - +0 robe (curse)
rNeg   . . .     SustAt   .     (no shield)
rPois  .         Gourm    .     (no helmet)
rElec  .         Spirit   +     (no cloak)
rCorr  .         Warding  .     (no gloves)
rMut   .         Stasis   .     (no boots)
MR     .....                    (no amulet)
Stlth  ++........               (no ring)
                                (no ring)

@: not resistant to hostile enchantments, unstealthy
A: fangs 2, regeneration 1, magic shield, antimagic bite, no device heal 3, rot
immunity
a: no special abilities


You were on level 2 of the Dungeon.
You were not hungry.

You visited 1 branch of the dungeon, and saw 2 of its levels.

You collected 10 gold pieces.

Inventory:

Hand weapons
 l - a +3 dagger
   (You found it on level 1 of the Dungeon)
Missiles
 g - 22 stones (quivered)
Armour
 n - a cursed +0 robe (worn)
   (You found it on level 1 of the Dungeon)
Scrolls
 e - a scroll of fog {unknown}
 f - a scroll of enchant armour {unknown}
 h - a scroll of noise {unknown}
 i - a scroll of magic mapping {unknown}
Potions
 d - a potion of curing {unknown}
 j - a potion of cancellation {unknown}
 k - a potion of invisibility {unknown}
 m - a potion of magic {unknown}
Books
 b - a book of Necromancy
Comestibles
 c - 2 bread rations {@e1}


   Skills:
 - Level 1.5 Dodging
 - Level 2.4 Stealth
 + Level 1.3 Unarmed Combat
 - Level 2.1 Spellcasting
 - Level 4.0 Necromancy


You had 3 spell levels left.
You knew the following spells:

 Your Spells              Type           Power        Failure   Level  Hunger
a - Pain                  Necr           ##..         4%          1    #......


Dungeon Overview and Level Annotations

Branches:
Dungeon (2/15)

Altars:


Innate Abilities, Weirdness & Mutations

You have extremely sharp teeth.
Your natural rate of healing is unusually fast.
When hurt, damage is shared between your health and your magic reserves.
Your bite disrupts and absorbs the magic of your enemies.
Potions and wands cannot restore your health.
You are immune to rotting.


Message History

You hit the giant cockroach but do no damage.
Your bite misses the giant cockroach.
The giant cockroach bites you but does no damage.
You closely miss the giant cockroach.
You bite the giant cockroach, but do no damage.
The giant cockroach misses you.
You closely miss the giant cockroach. Your bite misses the giant cockroach.
The giant cockroach closely misses you.
You hit the giant cockroach.
The giant cockroach is lightly wounded.
The giant cockroach closely misses you.
You hit the giant cockroach but do no damage.
You bite the giant cockroach, but do no damage.
The giant cockroach is lightly wounded.
The giant cockroach bites you. The giant cockroach closely misses you.
You take 1 damage, and have 8/9 hp.
You closely miss the giant cockroach.
The giant cockroach is lightly wounded.
The giant cockroach barely misses you.
You barely miss the giant cockroach. Your bite misses the giant cockroach.
The giant cockroach is lightly wounded.
The giant cockroach closely misses you.
You hit the giant cockroach. Your bite misses the giant cockroach.
The giant cockroach is severely wounded.
The giant cockroach closely misses you.
You hit the giant cockroach but do no damage.
You bite the giant cockroach, but do no damage.
The giant cockroach is severely wounded.
The giant cockroach barely misses you.
You barely miss the giant cockroach.
The giant cockroach is severely wounded.
The giant cockroach closely misses you. The giant cockroach barely misses you.
Health restored: 9 You hit the giant cockroach.
You kill the giant cockroach!
You see here an embroidered robe.
n - an embroidered robe
There is a stone staircase leading down here.
Wear which item? (? for menu, Esc to quit)
You start removing your armour.
You continue taking off your +0 robe.
You continue taking off your +0 robe. x3
You finish taking off your +0 robe.
You start putting on your armour.
You continue putting on your embroidered robe. x5
You finish putting on your cursed +0 robe.
Oops, that feels deathly cold.
Drop what? 14/52 slots (_ for help) (? for menu, Esc to quit)
You drop a +0 robe.
You climb downwards.
There is a stone staircase leading up here.
c - 2 bread rations {@e1} (gained 1)
An adder comes into view.
The helpless adder fails to defend itself.
You hit the adder.
The adder is lightly wounded.
The adder barely misses you.
You closely miss the adder.
The adder is lightly wounded.
The adder barely misses you. The adder bites you.
You take 3 damage, and have 6/9 hp.
MASSIVE DAMAGE!!
You now have 3/4 mp.
You closely miss the adder. Your bite misses the adder.
The adder is lightly wounded.
The adder misses you.
You closely miss the adder. Your bite misses the adder.
The adder is lightly wounded.
The adder closely misses you.
You hit the adder.
The adder is moderately wounded.
The adder barely misses you.
You barely miss the adder. Your bite misses the adder.
The adder is moderately wounded.
The adder barely misses you. The adder bites you but does no damage.
You hit the adder but do no damage.
The adder is moderately wounded.
The adder bites you.
You take 1 damage, and have 6/9 hp.
You completely miss the adder. Your bite misses the adder.
The adder is moderately wounded.
The adder misses you.
You miss the adder. You bite the adder. You drain its power.
You feel invigorated.
The adder is heavily wounded.
The adder misses you. The adder bites you.
You take 3 damage, and have 3/9 hp.
MASSIVE DAMAGE!!
You now have 2/4 mp.
You hit the adder but do no damage. Your bite misses the adder.
The adder is heavily wounded.
The adder bites you.
* * * LOW HITPOINT WARNING * * *
You take 1 damage, and have 2/9 hp.
You now have 1/4 mp.
You barely miss the adder. Your bite misses the adder.
The adder is heavily wounded.
The adder bites you.
* * * LOW HITPOINT WARNING * * *
You closely miss the adder.
The adder is heavily wounded.
The adder barely misses you.
You hit the adder but do no damage. Your bite misses the adder.
The adder is heavily wounded.
The adder bites you.
You die...

.. ##.# ...#
...#
####...####
#.........#
###?..?......
#....@......#
#.####S..####
#.# ...# #.##
...# #..#
#### ##.# #.#
#.# #.# #.#
#.#


You could see an adder.

Vanquished Creatures
  A giant cockroach (D:1)
  A kobold (D:1)
  2 goblins (D:1)
  2 rats (D:1)
6 creatures vanquished.

Notes
Turn   | Place    | Note
--------------------------------------------------------------
     0 | D:1      | achirane the Vine Stalker Necromancer began the quest for the Orb.
     0 | D:1      | Reached XP level 1. HP: 9/9 MP: 4/4
   148 | D:1      | Reached skill level 1 in Unarmed Combat
   436 | D:2      | HP: 2/9 [adder (1)]
   439 | D:2      | Slain by an adder

Vault maps used:
D:1:      lemuel_arrival_river_bridge, minmay_hedge_maze
D:2:      overflow_temple_1_default, first_bread, glass_columns_c,
          minmay_misc_feat_five

Action                   || total
-------------------------++-------
Melee: Unarmed           ||    39
 Stab: Sleeping          ||     4

Vault maps used:
D:1:      lemuel_arrival_river_bridge, minmay_hedge_maze
D:2:      overflow_temple_1_default, first_bread, glass_columns_c,
          minmay_misc_feat_five

Table legend:
 A = Turns spent in this place as a percentage of turns spent in the entire game.
 B = Non-inter-level travel turns spent in this place as a percentage of non-inter-level travel turns spent in the entire game.
 C = Inter-level travel turns spent in this place as a percentage of turns spent in this place.
 D = Turns resting spent in this place as a percentage of non-inter-level travel turns spent in this place.
 E = Turns spent auto-exploring this place as a percentage of non-inter-level travel turns spent in this place.
 F = Non-inter-level travel turns spent in this place divided by the number of levels of this place that you've seen.
                   A       B       C       D       E      F
               +-------+-------+-------+-------+-------+----------------------
         Total | 100.0 | 100.0 |   0.0 |   0.0 |   0.5 | 188.5
       Dungeon | 100.0 | 100.0 |   0.0 |   0.0 |   0.5 | 188.5
               +-------+-------+-------+-------+-------+----------------------

Table legend:
 A = Kills in this place as a percentage of kills in entire the game.
 B = Kills by you in this place as a percentage of kills by you in the entire game.
 C = Kills by friends in this place as a percentage of kills by friends in the entire game.
 D = Other kills in this place as a percentage of other kills in the entire game.
 E = Experience gained in this place as a percentage of experience gained in the entire game.
 F = Experience gained in this place divided by the number of levels of this place that you have seen.
                   A       B       C       D       E      F
               +-------+-------+-------+-------+-------+----------------------
         Total | 100.0 | 100.0 |  -nan |  -nan | 100.0 |   4.0
       Dungeon | 100.0 | 100.0 |  -nan |  -nan | 100.0 |   4.0
               +-------+-------+-------+-------+-------+----------------------
